 Dungeon Sprint DCSS version 0.23-a0-650-ga4d50d4 (webtiles) character file.

8122 Leeroy the Fencer (level 11, -8/68 HPs)
             Began as a Barachi Ice Elementalist on Jan 4, 2019.
             Was the Champion of Qazlal.
             Mangled by a death cob (15 damage)
             ... in the Dungeon (Sprint V: "Ziggurat Sprint").
             The game lasted 00:17:30 (1106 turns).

Leeroy the Fencer (Barachi Ice Elementalist)        Turns: 1106, Time: 00:17:31

Health: -8/68      AC: 30    Str: 19    XL:     11   Next: 25%
Magic:  14/20      EV: 10    Int: 18    God:    Qazlal [******]
Gold:   0          SH: 12    Dex: 13    Spells: 0/14 levels left

rFire    x . .     SeeInvis .   H - +7 Screaming Sword {slice, sonic wave}
rCold    + + .     Gourm    .   W - +1 buckler {reflect}
rNeg     . . .     Faith    .   P - +9 ice dragon scales
rPois    +         Spirit   .   (no helmet)
rElec    .         Reflect  +   Y - +2 cloak {rPois}
rCorr    .         Harm     .   (no gloves)
MR       .....     NoTele   +   (no boots)
Stlth    ..........             V - amulet of Sif Muna's Favour {RegenMP Str+3 Slay+3}
HPRegen  0.21/turn              X - +3 ring of slaying
MPRegen  0.42/turn              y - +6 ring of strength

@: protected from physical damage, can't hop, slowed, repel missiles, very slow
A: +LOS, swims, slowness 1, strong legs 1
a: Hop, Upheaval, Elemental Force, Disaster Area, Renounce Religion


You were in the Dungeon.
You worshipped Qazlal.
Qazlal was exalted by your worship.
You were hungry.

You visited 1 branch

Inventory:

Hand Weapons
 H - the +7 Screaming Sword (weapon) {slice, sonic wave}
   (You found it in the Dungeon)

   It inflicts extra damage upon your enemies.
 I - the +11 plutonium sword {*Contam Stlth-}
   (You found it in the Dungeon)

   It causes magical contamination when unequipped.
   It makes you less stealthy.
 J - the +9 sword of Zonguldrok {reap}
   (You found it in the Dungeon)

   If a monster killed with it leaves a corpse in good enough shape, the corpse
   will be animated as a zombie friendly to the killer.
 M - the cursed +1 longbow of Bodily Harmony {speed, rC- rN+ Str+4}
   (You found it in the Dungeon)

   Attacks with this weapon are significantly faster.
   It affects your strength (+4).
   It makes you vulnerable to cold.
   It protects you from negative energy.
   It has a curse placed upon it.
 N - a +5 triple sword
Missiles
 U - 10 arrows
Armour
 K - the +15 Maxwell's patent armour {-Cast -Tele rElec MR+ rCorr}
   (You found it in the Dungeon)

   It insulates you from electricity.
   It affects your resistance to hostile enchantments.
   It prevents spellcasting.
   It prevents most forms of teleportation.
   It provides partial protection from all sources of acid and corrosion.
 L - the +18 shield of the Gong {rElec rN+ MR+ EV-5}
   (You found it in the Dungeon)

   It affects your evasion (-5).
   It insulates you from electricity.
   It protects you from negative energy.
   It affects your resistance to hostile enchantments.
 O - +8 fire dragon scales
 P - +9 ice dragon scales (worn)
 W - a +1 buckler of reflection (worn)
 Y - a +2 cloak of poison resistance (worn)
Magical Staves
 D - an uncursed staff of energy
 Q - an uncursed staff of air
 T - an uncursed staff of fire
Jewellery
 a - an uncursed ring of protection from fire
 u - a +6 ring of dexterity
 v - a +6 ring of dexterity
 w - a +6 ring of intelligence
 x - a +6 ring of intelligence
 y - a +6 ring of strength (right hand)
 z - a +6 ring of strength
 F - an uncursed ring of flight
 V - the amulet of Sif Muna's Favour (around neck) {RegenMP Str+3 Slay+3}
   (You found it in the Dungeon)

   [amulet of magic regeneration]

   It increases your magic regeneration.
   It affects your strength (+3).
   It affects your accuracy and damage with ranged weapons and melee attacks
   (+3).
 X - a +3 ring of slaying (left hand)
Wands
 A - a wand of disintegration (7)
 B - a wand of iceblast (6)
 C - a wand of acid (7)
Scrolls
 i - 4 scrolls of blinking
 o - 4 scrolls of amnesia
 p - 7 scrolls of fog
 q - a scroll of holy word
 r - 5 scrolls of identify
 s - 5 scrolls of remove curse
 t - 2 scrolls of fear
 S - 3 scrolls of brand weapon
Potions
 b - 2 potions of brilliance
 d - 9 potions of curing
 e - 4 potions of heal wounds
 f - 6 potions of haste
 g - 7 potions of magic
 h - 3 potions of berserk rage
 j - 2 potions of invisibility
 k - 4 potions of resistance
 l - a potion of experience
 m - 5 potions of agility
 n - 5 potions of might
Miscellaneous
 E - a crystal ball of energy
 G - a lightning rod (1/4)
 R - 2 boxes of beasts
 Z - a phial of floods
Comestibles
 c - 7 rations


   Skills:
 - Level 19.7 Long Blades
 - Level 14.0 Armour
 + Level 2.1 Dodging
 - Level 1.7 Stealth
 - Level 2.1 Spellcasting
 - Level 8.0 Conjurations
 - Level 0.7 Summonings
 - Level 3.6 Ice Magic
 * Level 13.0 Invocations


You couldn't memorise any spells.
You knew the following spells:

 Your Spells              Type           Power        Failure   Level  Hunger
a - Freeze                Ice            ###.         17%         1    #......
b - Summon Ice Beast      Ice/Summ       #.......     97%         4    #####..
c - Throw Icicle          Conj/Ice       ###.....     56%         4    #####..
d - Fireball              Conj/Fire      ###.......   99%         5    ######.

Your spell library contained the following spells:

 Spells                   Type           Power        Failure   Level  Hunger
 Throw Frost              Conj/Ice       ###...       11%         2    ###....
 Flame Tongue             Conj/Fire      ###..        16%         1    #......
 Throw Flame              Conj/Fire      ###...       22%         2    ###....
 Conjure Flame            Conj/Fire      ###.....     41%         3    ###....
 Summon Small Mammal      Summ           #...         50%         1    #......
 Animate Skeleton         Necr           N/A          61%         1    #......
 Apportation              Tloc           #.....       61%         1    #......
 Confusing Touch          Hex            #.....       61%         1    #......
 Pain                     Necr           #...         61%         1    #......
 Mephitic Cloud           Conj/Pois/Air  ##......     61%         3    ###....
 Call Imp                 Summ           #.......     65%         2    ###....
 Ozocubu's Armour         Chrm/Ice       #.......     73%         3    ###....
 Corpse Rot               Necr           N/A          75%         2    ###....
 Poisonous Vapours        Pois/Air       #.....       75%         2    ###....
 Sublimation of Blood     Necr           #.........   75%         2    ###....
 Sticky Flame             Conj/Fire      ###.....     83%         4    #####..
 Call Canine Familiar     Summ           #.......     86%         3    ###....
 Summon Guardian Golem    Hex/Summ       #.......     90%         3    ###....
 Ignite Poison            Fire/Tmut/Pois #.......     93%         3    ###....
 Inner Flame              Hex/Fire       #.......     93%         3    ###....
 Bolt of Draining         Conj/Necr      ###.......   99%         5    ######.
 Irradiate                Conj/Tmut      ###.......   99%         5    ######.
 Petrify                  Tmut/Erth      #.......     100%        4    #####..
 Summon Lightning Spire   Summ/Air       #.......     100%        4    #####..
 Agony                    Necr           #.......     100%        5    ######.
 Alistair's Intoxication  Tmut/Pois      #.......     100%        5    ######.
 Dispel Undead            Necr           #.......     100%        5    ######.
 Excruciating Wounds      Chrm/Necr      #.........   100%        5    ######.
 Freezing Cloud           Conj/Ice/Air   ###.......   100%        6    #######
 Ring of Flames           Chrm/Fire      #.........   100%        7    #######


Dungeon Overview and Level Annotations

Branches:
Dungeon (1/1)

Altars:
Ashenzari
Cheibriados
Dithmenos
Elyvilon
Fedhas
Gozag
Hepliaklqana
Kikubaaqudgha
Makhleb
Nemelex Xobeh
Okawaru
Qazlal
Ru
Sif Muna
Trog
Uskayaw
Vehumet
Wu Jian
Xom
Yredelemnul
Zin
The Shining One
Beogh
Jiyva
Lugonu

Annotations:
D 1 transporter


Innate Abilities, Weirdness & Mutations

Shadows flee at your approach. (+LOS)
You can swim through water.
You cover ground slowly.
You can hop short distances.


Message History

The death cob hits you!!
* * * LOW HITPOINT WARNING * * *
The death cob drains your vigour!
You feel as though you will be slow longer.
The yellow draconian hits you but does no damage.
The death cob hits you but does no damage.
The yellow draconian hits you from afar with a +0 trident!
* * * LOW HITPOINT WARNING * * *
You feel protected from physical attacks.
Unknown command.
Unknown command.
Unknown command.
Unknown command.
Unknown command.
Unknown command.
Unknown command.
Hop to where?
Press: ? - help, Dir - move target cursor, p - death cob Boing!
The death cob hits you!
You die...

▓.▓.....▓.▓.▓...▓.▓
▓....©....▓...©...▓
▓▓▓▓▓▓▓▓▓▓▓▓▓▓▓▓▓▓▓
▓...8©8...▓
▓..).::[..▓
▓...≈)}}..▓
▓..§.:....▓
▓..≈ddd...▓
▓.@zd≈.d..▓
▓.§§.dd°..▓
▓.▓○d...▓.▓
▓....☼....▓
▓▓▓▓▓▓▓▓▓▓▓


You could see 2 draconians, 3 draconians, a death cob and 3 draconians.

Vanquished Creatures
  A mummy priest (D)
  4 dancing weapons (D)
  2 deep elf magi (D)
  3 toenail golems (D)
  A flying skull (D)
  Sigmund (D)
  2 tarantellas (D)
  2 ushabtiu (D)
  A yak (D)
  A fire elemental (D)
  4 wyverns (D)
  2 nagas (D)
  A steam dragon (D)
  An acid dragon (D)
  A porcupine (D)
  Blork the orc (D)
  2 scorpions (D)
  Dowan (D)
  Crazy Yiuf (D)
  An orc priest (D)
  An orc wizard (D)
  Jessica (D)
  3 mummies (D)
  An adder (D)
  2 orcs (D)
  3 ball pythons (D)
44 creatures vanquished.

Vanquished Creatures (others)
  A deep elf archer (D)
1 creature vanquished.

Grand Total: 45 creatures vanquished

Notes
Turn   | Place    | Note
-------+----------+-------------------------------------------
     0 | D        | Found the +6 Majin-Bo {vamp, Archmagi MP+6 Int+6}
     0 | D        | Leeroy the Barachi Ice Elementalist began the quest for the
                  | Orb.
     0 | D        | Reached XP level 1. HP: 13/13 MP: 3/3
     0 | D        | Found a transporter.
     0 | D        | Found an ancient bone altar of Kikubaaqudgha.
     0 | D        | Found a viscous altar of Jiyva.
     0 | D        | Found a corrupted altar of Lugonu.
     0 | D        | Found a hazy altar of Hepliaklqana.
     0 | D        | Found a burning altar of Makhleb.
     0 | D        | Found an opulent altar of Gozag.
    22 | D        | Found the +9 heavy crossbow "Sniper" {velocity, Acc+∞ SInv}
    22 | D        | Found the +10 dark maul {crush}
    22 | D        | Found the +15 Maxwell's patent armour {-Cast -Tele rElec
                  | MR+ rCorr}
    22 | D        | Found the +18 shield of the Gong {rElec rN+ MR+ EV-5}
    22 | D        | Found the cursed +14 obsidian axe {chop, +Fly SInv *Curse}
    26 | D        | Found the +6 shillelagh "Devastator" {shatter}
    26 | D        | Found the +11 plutonium sword {*Contam Stlth-}
    26 | D        | Found the +8 lance "Wyrmbane" {slay drac, rPois rF+ rC+
                  | AC+3}
    26 | D        | Found the +9 sword of Zonguldrok {reap}
    26 | D        | Found the cursed +13 scythe of Curses {drain, *Curse}
    26 | D        | Found the +0 sword of Power
    26 | D        | Found the +7 mace of Variability {chain chaos}
    26 | D        | Found the +7 Singing Sword {slice, sonic wave}
    26 | D        | Found the +7 longbow "Piercer" {penet, EV-2}
   110 | D        | Became a worshipper of Qazlal Stormbringer
   118 | D        | Entered arena 2.
   118 | D        | Noticed a yak
   118 | D        | Noticed a porcupine
   118 | D        | Found a transporter.
   130 | D        | Killed a porcupine
   130 | D        | Reached skill level 10 in Long Blades
   130 | D        | Reached XP level 2. HP: 19/19 MP: 5/5
   130 | D        | Reached XP level 3. HP: 24/24 MP: 6/6
   130 | D        | Reached XP level 4. HP: 30/30 MP: 7/7
   137 | D        | Killed a yak
   137 | D        | Reached skill level 13 in Long Blades
   137 | D        | Reached XP level 5. HP: 33/35 MP: 8/8
   137 | D        | Reached XP level 6. HP: 38/41 MP: 9/9
   153 | D        | Entered arena 3.
   153 | D        | Noticed a toenail golem
   153 | D        | Noticed a toenail golem
   153 | D        | Noticed a toenail golem
   153 | D        | Found a transporter.
   166 | D        | Killed a toenail golem
   166 | D        | Reached * piety under Qazlal
   166 | D        | Reached skill level 16 in Long Blades
   166 | D        | Reached XP level 7. HP: 46/46 MP: 10/10
   180 | D        | Killed a toenail golem
   180 | D        | Reached skill level 18 in Long Blades
   180 | D        | Reached XP level 8. HP: 38/52 MP: 11/11
   182 | D        | Killed a toenail golem
   182 | D        | Reached skill level 19 in Long Blades
   384 | D        | Entered arena 4.
   384 | D        | Noticed a tarantella
   384 | D        | Noticed a tarantella
   384 | D        | Found a transporter.
   388 | D        | Killed a tarantella
   388 | D        | Reached ** piety under Qazlal
   391 | D        | Killed a tarantella
   391 | D        | Reached XP level 9. HP: 54/57 MP: 11/13
   400 | D        | Got the Disquisition on the Glacier and Dark Rituals
   406 | D        | Learned a level 4 spell: Summon Ice Beast
   411 | D        | Learned a level 4 spell: Throw Icicle
   415 | D        | Entered arena 5.
   415 | D        | Found a transporter.
   416 | D        | Reached *** piety under Qazlal
   441 | D        | Entered arena 6.
   441 | D        | Noticed Sigmund
   441 | D        | Noticed Jessica
   441 | D        | Noticed Blork the orc
   441 | D        | Noticed Crazy Yiuf
   441 | D        | Noticed Dowan
   441 | D        | Found a transporter.
   442 | D        | Killed Crazy Yiuf
   442 | D        | Reached **** piety under Qazlal
   443 | D        | Killed Jessica
   443 | D        | Killed Dowan
   444 | D        | Killed Sigmund
   452 | D        | Killed Blork the orc
   581 | D        | Entered arena 7.
   581 | D        | Found a transporter.
   583 | D        | Reached ***** piety under Qazlal
   586 | D        | Reached skill level 5 in Conjurations
   605 | D        | Got the cursed +1 longbow of Bodily Harmony {speed, rC- rN+
                  | Str+4}
   623 | D        | Entered arena 8.
   623 | D        | Found a transporter.
   632 | D        | Reached ****** piety under Qazlal
   671 | D        | Entered arena 9.
   671 | D        | Noticed a mummy priest
   671 | D        | Found a transporter.
   672 | D        | Found the +3 sling "Punk" {acid, rCorr}
   674 | D        | Reached skill level 10 in Invocations
   678 | D        | Reached XP level 10. HP: 38/63 MP: 17/17
   681 | D        | Noticed a soul eater
   683 | D        | Noticed a rust devil
   687 | D        | Noticed a rust devil
   694 | D        | Killed a mummy priest
   846 | D        | Entered arena 10.
   846 | D        | Noticed a +2 short sword of speed
   846 | D        | Noticed a deep elf mage
   846 | D        | Noticed a +3 flail of draining
   846 | D        | Noticed a +3 mace of draining
   846 | D        | Noticed a +4 halberd of protection
   846 | D        | Noticed a deep elf archer
   846 | D        | Noticed a deep elf mage
   846 | D        | Found a transporter.
   853 | D        | Killed a +2 short sword of speed
   853 | D        | Killed a +3 flail of draining
   853 | D        | Killed a deep elf mage
   853 | D        | Reached skill level 10 in Armour
   854 | D        | Killed a +3 mace of draining
   854 | D        | Reached XP level 11. HP: 29/68 MP: 12/20
   860 | D        | Killed a deep elf mage
   860 | D        | Killed a +4 halberd of protection
   867 | D        | Killed a deep elf archer
   907 | D        | Got the amulet of Sif Muna's Favour {RegenMP Str+3 Slay+3}
  1095 | D        | Learned a level 5 spell: Fireball
  1101 | D        | Entered arena 11.
  1101 | D        | Noticed a death cob
  1101 | D        | Noticed a white draconian
  1101 | D        | Noticed a draconian
  1101 | D        | Noticed a white draconian
  1101 | D        | Noticed a draconian
  1101 | D        | Noticed a white draconian
  1101 | D        | Noticed a draconian
  1101 | D        | Noticed a yellow draconian
  1101 | D        | Noticed a yellow draconian
  1101 | D        | Found a transporter.
  1106 | D        | Mangled by a death cob

Vault maps used:
D:        sprint_v

Skill      XL: |  1  2  3  4  5  6  7  8  9 10 11 |
---------------+----------------------------------+-----
Long Blades    | 10 13 16 18 19 | 19.7
Invocations    | 6 10 12 13 | 13.0
Conjurations   | 8 |  8.0
Armour         | 11 14 | 14.0
Dodging        | |  2.1
Stealth        | |  1.7
Spellcasting   | |  2.1
Summonings     | |  0.7
Ice Magic      | |  3.6

Action                   |  1- 3 |  4- 6 |  7- 9 | 10-12 || total
-------------------------+-------+-------+-------+-------++-------
Melee: Demon blade       |    10 |    17 |     9 |       ||    36
       Double sword      |       |       |    39 |    14 ||    53
Invok: Upheaval          |       |       |       |     5 ||     5
 Abil: Hop               |       |       |       |     3 ||     3
Evoke: Lightning rod     |       |     1 |    10 |     6 ||    17
       Wand              |       |     1 |       |       ||     1
  Use: Potion            |     1 |       |       |     6 ||     7
       Scroll            |       |       |     4 |     4 ||     8
Armor: Plate armour      |    11 |     5 |    16 |     3 ||    35
       Ice dragon scales |       |       |       |     6 ||     6
Dodge: Dodged            |     1 |     1 |       |    12 ||    14
       Deflected         |       |       |       |     2 ||     2
Block: Shield            |    21 |    21 |    44 |     7 ||    93
       Buckler           |       |       |       |    11 ||    11
       Reflection        |       |       |       |     2 ||     2
       Rpst.: Double sword |       |       |       |     5 ||     5

Table legend:
 A = Non-vault XP
 B = Vault XP
 C = Vault XP percentage of total XP
 D = Non-vault monster count
 E = Vault monster count
 F = Vault count percentage of total count
                 A         B        C        D         E       F
            +---------+---------+-------+---------+---------+-------
      Total |       0 |   11604 | 100.0 |       0 |      45 | 100.0
            +---------+---------+-------+---------+---------+-------
          D |       0 |   11604 | 100.0 |       0 |      45 | 100.0
            +---------+---------+-------+---------+---------+-------
